 Dungeon Crawl Stone Soup version 0.30.1-9-gdf580d7c3d (webtiles) character file.

Game seed: 13199191968747732698

70498 Charmandara the Destroyer (level 14, -26/121 HPs)
             Began as a White Draconian Conjurer on July 5, 2023.
             Was a High Priest of Vehumet.
             Annihilated by an orc knight
             ... wielding a +0 great mace
              (40 damage)
             ... on level 2 of the Orcish Mines on Sept 24, 2023.
             The game lasted 01:40:28 (21782 turns).

Charmandara the Destroyer (DrCj)                   Turns: 21782, Time: 01:40:28

Health: -26/121    AC: 11    Str: 16    XL:     14   Next: 94%
Magic:  18/37      EV: 14    Int: 27    God:    Vehumet [*****.]
Gold:   1991       SH:  5    Dex: 11    Spells: 1/33 levels left

rFire   + + +        d - staff of conjuration "Lohoit" {Fragile Int+6}
rCold   + . .        l - +0 buckler
rNeg    + . .        (body armour unavailable)
rPois   +            m - +0 hat
rElec   .            E - +0 cloak
rCorr   .            G - +0 pair of gloves
SInv    +            u - +0 pair of boots
Will    +....        P - amulet "Yhel" {Fly rN+ Regen+}
Stlth   +++          I - ring "Edicwit" {rF+++ MP+9 Str+3 SInv}
HPRegen 1.20/turn    s - ring of poison resistance
MPRegen 0.25/turn

%: no passive effects
@: flying, very slightly contaminated
A: breathe frost, AC +8, unfitting armour, cold resistance 1, cold-blooded, fire
resistance 1, robust 1, strong 1
a: Breathe Frost, Renounce Religion


You were on level 2 of the Orcish Mines.
You worshipped Vehumet.
Vehumet was extremely pleased with you.
You visited 4 branches of the dungeon, and saw 19 of its levels.
You also visited: Bailey.

You collected 2105 gold pieces.
You spent 114 gold pieces at shops.

Inventory:

Hand Weapons
 L - the +10 spear of the Postmodern Friars {drain, rElec}
   (You found it in a bailey)

   rElec:     It insulates you from electricity.
Armour
 l - a +0 buckler (worn)
 m - a +0 hat (worn)
 u - a +0 pair of boots (worn)
 E - a +0 cloak (worn)
 G - a +0 pair of gloves (worn)
 M - a +0 kite shield
Magical Staves
 d - the staff of conjuration "Lohoit" (weapon) {Fragile Int+6}
   (You acquired it on level 4 of the Dungeon)

   [staff of conjuration]

   Base accuracy: +5 Base damage: 5 Base attack delay: 1.2 This weapon's minimum
   attack delay (0.6) is reached at skill level 12.
   Int:       It affects your intelligence (+6).
   Fragile:   It will be destroyed if unequipped.
   It falls into the 'Staves' category.
   It is a one-handed weapon.
Jewellery
 s - a ring of poison resistance (right hand)
 A - a ring of positive energy
 I - the ring "Edicwit" (left hand) {rF+++ MP+9 Str+3 SInv}
   (You acquired it in a bailey)

   [ring of see invisible]

   Str:       It affects your strength (+3).
   rF:        It renders you almost immune to fire.
   MP:        It affects your magic capacity (+9).
   SInv:      It lets you see invisible.
 N - a ring of willpower
 P - the amulet "Yhel" (around neck) {Fly rN+ Regen+}
   (You found it on level 4 of the Lair of Beasts)

   [amulet of regeneration]

   rN:        It protects you from negative energy.
   Fly:       It grants you flight.
   Regen:     It increases your rate of health regeneration.
Wands
 b - a wand of polymorph (5)
 h - a wand of flame (18)
 t - a wand of digging (5)
 w - a wand of paralysis (11)
 H - a wand of mindburst (2)
 R - a wand of iceblast (2)
Scrolls
 c - 4 scrolls of immolation
 g - 7 scrolls of poison
 k - 5 scrolls of magic mapping
 n - 4 scrolls of butterflies
 q - 2 scrolls of fog
 y - 4 scrolls of fear
 z - 3 scrolls of vulnerability
 B - 2 scrolls of blinking
 D - 5 scrolls of teleportation
 J - 4 scrolls of enchant weapon
 Q - 4 scrolls of identify
 U - a scroll of amnesia
 V - a scroll of silence
Potions
 a - 3 potions of magic
 e - 3 potions of flight
 f - 2 potions of invisibility
 i - 10 potions of curing
 j - a potion of resistance
 p - 3 potions of mutation
 r - 4 potions of ambrosia
 v - a potion of brilliance
 x - a potion of berserk rage
 C - 7 potions of attraction
 F - 4 potions of haste
 K - a potion of might
 O - 2 potions of heal wounds
Miscellaneous
 o - a lightning rod (4/4)
 S - a phantom mirror
 T - a phial of floods


   Skills:
 - Level 6.0 Fighting
 * Level 10.1 Staves
 - Level 7.0 Dodging
 - Level 5.0 Stealth
 - Level 5.0 Shields
 + Level 10.2 Spellcasting
 - Level 14.9 Conjurations
 - Level 4.0 Hexes
 - Level 4.0 Translocations
 - Level 6.0 Fire Magic
 - Level 6.0 Air Magic
 + Level 7.3 Evocations


You had one spell level left.
You knew the following spells:

 Your Spells              Type           Power      Damage    Failure   Level
a - Magic Dart            Conj           100%       1d8       0%          1
b - Blink                 Tloc           70%        N/A       1%          2
c - Plasma Beam           Fire/Air       23%        2x1d38    17%         6
f - Dazzling Flash        Conj/Hex       100%       N/A       1%          3
p - Fulminant Prism       Conj/Hex       38%        3d17      1%          4
s - Sticky Flame          Conj/Fire      81%        2d9       1%          4
t - Airstrike             Air            23%        2d(4-20)  1%          4
w - Flame Wave            Conj/Fire      81%        2d18      1%          4
z - Iskenderun's Mystic   Conj/Tloc      77%        2d15      1%          4

Your spell library contained the following spells:

 Spells                   Type           Power      Damage    Failure   Level
 Eringya's Noxious Bog    Tmut/Pois      6%         N/A       87%         6
 Searing Ray              Conj           100%       2d8       0%          2
 Lesser Beckoning         Tloc           70%        N/A       1%          2
 Momentum Strike          Conj/Tloc      100%       3d10      1%          2
 Scorch                   Fire           92%        2d9       1%          2
 Inner Flame              Hex/Fire       40%        N/A       1%          3
 Portal Projectile        Hex/Tloc       70%        N/A       3%          3
 Call Canine Familiar     Summ           13%        N/A       16%         3
 Yara's Violent Unravell  Hex/Tmut       12%        3d7       17%         5
 Leda's Liquefaction      Hex/Erth       12%        N/A       24%         4
 Summon Cactus Giant      Summ           6%         N/A       100%        6
 Enfeeble                 Hex            17%        N/A       100%        7


Dungeon Overview and Level Annotations

Branches:
Dungeon (11/15)            Temple (1/1) D:4            Lair (5/5) D:9
 Shoals (0/4) Lair:2        Snake (0/4) Lair:3        Slime (0/5) Lair:5
    Orc (2/2) D:11            Elf (0/3) Orc:2        Bailey (visited)

Altars:
Ashenzari
Cheibriados
Dithmenos
Elyvilon
Fedhas
Gozag
Hepliaklqana
Kikubaaqudgha
Makhleb
Nemelex Xobeh
Okawaru
Qazlal
Ru
Sif Muna
Trog
Uskayaw
Vehumet
Wu Jian
Xom
Yredelemnul
Zin
The Shining One

Shops:
D:3 *   D:7 :   Orc:1 ?   Orc:2 *[

Portals:
Abyss: D:7

Annotations:
D:7 2 transporters, Wentworth's ghost, novice MiFi
Lair:1 3 runed translucent doors, Wiggles's ghost, journeyman MiBe


Innate Abilities, Weirdness & Mutations

You can breathe waves of freezing cold which knock back foes.
Your icy white scales are hard. (AC +8)
You cannot fit into any form of body armour.
Your flesh is cold resistant. (rC+)
You are cold-blooded and may be slowed by cold attacks.
Your flesh is heat resistant. (rF+)
You are robust. (+10% HP)
Your muscles are strong. (Str +4, Int/Dex -1)


Message History

The flame wave engulfs the sixfirhy!!
You kill the sixfirhy!
The sixfirhy disappears in a puff of smoke!
The flame wave engulfs the orc knight.
The orc knight is heavily wounded. (Press . to intensify the flame waves.)
You hear a shout!
The orc knight hits you with a +0 war axe!!
An orc knight comes into view. It is wielding a +0 halberd.
The orc high priest hits you from afar with a +0 glaive!!
You hear a shout!
Unknown command.
Unknown command.
A wave of flame ripples out!
The flame wave engulfs the orc warrior!
You kill the orc warrior!
Vehumet accepts your kill.
You feel your power returning.
The flame wave engulfs the orc knight but does no damage.
The orc knight is heavily wounded.
The flame wave engulfs the orc sorcerer.
The orc sorcerer is almost dead.
The flame wave engulfs the orc high priest!
The orc high priest is severely wounded.
The flame wave engulfs the orc knight.
The orc knight is heavily wounded.
The orc sorcerer mumbles some strange words.
The orc high priest utters an invocation to Beogh.
The orc high priest calls upon Beogh to heal the orc high priest.
The orc high priest is healed somewhat.
An orc sorcerer comes into view.
It is wielding a +0 dagger and wearing a +2 robe of fire resistance.
The orc knight hits you with a +0 war axe!!
* * * LOW HITPOINT WARNING * * *
The orc knight roars a battlecry!
You block the orc high priest's attack.
The ynoxinul gestures.
Unknown command.
Unknown command.
The orc knight attacks as you move away!
The orc knight hits you with a +0 great mace!!!
You die... #..... .∩# ##.#.. 55# ###... ##44 #..... o33 ##..... #oo #...... ... ##o5## ####.....# ... #oooo#

#......... #.#
#@# ###.......
#.# ##.# #.......
#.# ##..#
##...... #.#
###..## ##..#..
...####.####...##
#####.
#...........###
#.. ######.######
##..
#######.#####
##.#.
.....#...##.##
#....


You could see 3 orc knights, a soul eater (summoned), 3 orc high priests, a rust
devil (summoned), a ynoxinul (summoned), a chaos spawn (summoned), 2 orc
sorcerers and 3 ufetubi.

Vanquished Creatures
  Gastronok (D:10)
  The ghost of Ypehuijo the Spear-Bearer, a journeyman OpFi of Gozag (Lair:5)
  A hydra (Lair:4)
  2 catoblepae
  9 death yaks
  A centaur warrior (D:8)
  4 two-headed ogres
  3 boulder beetles
  A tengu warrior (D:8)
  A skyshark (Lair:4)
  A deep elf pyromancer (D:8)
  A deep elf zephyrmancer (Bailey)
  An oklob plant (Lair:5)
  An orc sorcerer (Orc:2)
  An ugly thing (D:11)
  2 orc knights
  2 cyclopes
  A wolf spider (Lair:5)
  17 elephants
  9 cane toads
  A guardian serpent (Lair:5)
  5 black mambas (Lair:5)
  2 torpor snails
  5 komodo dragons
  10 rime drakes
  3 trolls
  11 polar bears
  3 hornets (Lair:5)
  6 dream sheep
  2 raiju (Lair:5)
  19 blink frogs
  26 wyverns
  54 yaks
  2 shadows
  Sigmund (D:4)
  3 basilisks (Lair:3)
  3 vampire mosquitoes (D:10)
  2 steam dragons
  A redback (Lair:5)
  9 wargs
  2 acid dragons (D:9)
  20 water moccasins
  13 hell hounds (Lair:5)
  4 ice beasts
  21 orc warriors
  13 black bears
  31 wolves
  3 ogres
  8 centaurs
  3 phantoms
  The ghost of croobank the Caller, an amateur OpSu (D:3)
  4 kobold brigands
  6 bullfrogs
  2 scorpions
  12 wights
  13 killer bees
  7 howler monkeys
  2 hounds
  18 orc priests
  6 iguanas
  3 jellies
  A sleepcap (D:4)
  Natasha (thrice) (D:4)
  20 orc wizards
  6 hell rats (Lair:3)
  A centaur simulacrum (D:9)
  6 ogre zombies (D:11)
  10 adders
  4 white imps (D:9)
  5 ufetubi
  2 worms
  3 dart slugs
  61 orcs
  10 ball pythons
  10 bats
  6 endoplasms
  2 giant cockroaches
  14 goblins
  11 hobgoblins
  A jackal (D:5)
  23 kobolds
  9 quokkas
  7 frilled lizards
  A goblin skeleton (D:11)
  2 goblin zombies (D:11)
  A hobgoblin skeleton (D:11)
  2 hobgoblin zombies (D:11)
  An orc skeleton (D:11)
  12 orc zombies (D:11)
  9 rats
  A fulminant prism (Lair:5)
664 creatures vanquished.

Vanquished Creatures (others)
  67 fulminant prisms
67 creatures vanquished.

Grand Total: 731 creatures vanquished

Notes
Turn   | Place    | Note
-------+----------+-------------------------------------------
     0 | D:1      | Charmandara the Draconian Conjurer began the quest for the
                  | Orb.
     0 | D:1      | Reached XP level 1. HP: 14/14 MP: 3/3
   213 | D:1      | Reached XP level 2. HP: 19/20 MP: 0/5
   476 | D:1      | Learned a level 2 spell: Searing Ray
   589 | D:1      | Learned a level 2 spell: Blink
   779 | D:1      | Reached XP level 3. HP: 24/26 MP: 1/6
  1953 | D:2      | Reached skill level 5 in Conjurations
  2027 | D:2      | Reached XP level 4. HP: 32/33 MP: 1/8
  2309 | D:2      | Learned a level 3 spell: Dazzling Flash
  2635 | D:3      | Found a sparkling altar of Nemelex Xobeh.
  2727 | D:3      | Noticed croobank's ghost (amateur OpSu)
  2728 | D:3      | Noticed a black bear
  2743 | D:3      | Found a runed translucent gate.
  2743 | D:3      | Found a runed translucent gate.
  2743 | D:3      | Found a runed translucent gate.
  2895 | D:3      | Reached XP level 5. HP: 38/38 MP: 4/9
  3169 | D:3      | Found an opulent altar of Gozag.
  3172 | D:3      | Found Gozag's Platinum Reserve.
  3590 | D:3      | Killed a black bear
  3590 | D:3      | Killed croobank's ghost
  3591 | D:3      | Reached skill level 6 in Conjurations
  3591 | D:3      | Reached XP level 6. HP: 45/45 MP: 1/11
  4058 | D:4      | Noticed Sigmund
  4070 | D:4      | Identified a scroll of acquirement
  4070 | D:4      | Acquired the staff of conjuration "Lohoit" {Fragile Int+6}
  4075 | D:4      | Killed Sigmund
  4076 | D:4      | Reached skill level 7 in Conjurations
  4076 | D:4      | Your scales start taking on an icy white colour.
  4076 | D:4      | Reached XP level 7. HP: 36/50 MP: 2/13
  4076 | D:4      | Gained mutation: Your flesh is cold resistant. (rC+) [White
                  | Draconian growth]
  4323 | D:4      | Noticed Natasha
  4328 | D:4      | Killed Natasha
  4533 | D:4      | Learned a level 4 spell: Fulminant Prism
  4537 | D:4      | Noticed Natasha
  4540 | D:4      | Killed Natasha
  4590 | D:4      | Found a staircase to the Ecumenical Temple.
  4623 | Temple   | Entered the Ecumenical Temple
  4623 | Temple   | Found a transporter.
  4623 | Temple   | Found a transporter.
  4625 | Temple   | Found a transporter.
  4625 | Temple   | Found a transporter.
  4750 | D:4      | Reached skill level 8 in Conjurations
  4841 | D:4      | Noticed Natasha
  4844 | D:4      | Killed Natasha
  5220 | D:4      | Reached skill level 5 in Spellcasting
  5427 | D:4      | Learned a level 4 spell: Iskenderun's Mystic Blast
  5443 | D:5      | Entered Level 5 of the Dungeon
  5620 | D:5      | Reached XP level 8. HP: 57/57 MP: 8/15
  5926 | D:5      | Upgraded the game from 0.30.1 to 0.30.1-3-gfc49f6343a
  5931 | D:5      | Reached skill level 9 in Conjurations
  6675 | D:5      | Learned a level 2 spell: Lesser Beckoning
  7393 | D:6      | Reached skill level 10 in Conjurations
  7645 | D:6      | Gained mutation: You are robust. (+10% HP) [potion of
                  | mutation]
  7645 | D:6      | Gained mutation: Your flesh is heat resistant. (rF+)
                  | [potion of mutation]
  7645 | D:6      | Gained mutation: Your muscles are strong. (Str +4, Int/Dex
                  | -1) [potion of mutation]
  7907 | D:7      | Reached XP level 9. HP: 59/68 MP: 5/18
  8344 | D:7      | Found a radiant altar of Vehumet.
  8348 | D:7      | Became a worshipper of Vehumet
  8445 | D:7      | Noticed a cyan ugly thing
  8462 | D:7      | Found a transporter.
  8463 | D:7      | Found a transporter.
  8464 | D:7      | Found a one-way gate to the infinite horrors of the Abyss.
  8469 | D:7      | Noticed Wentworth's ghost (novice MiFi)
  8595 | D:7      | Found Tegobb's Book Shop.
  8609 | D:7      | Reached skill level 11 in Conjurations
  8736 | D:7      | Found a sacrificial altar of Ru.
  9097 | D:8      | Reached skill level 1 in Hexes
  9097 | D:8      | Reached skill level 1 in Translocations
  9273 | D:8      | Noticed a tengu warrior
  9282 | D:8      | Killed a tengu warrior
  9285 | D:8      | Reached XP level 10. HP: 74/75 MP: 1/21
  9329 | D:8      | Noticed a two-headed ogre
  9338 | D:8      | Killed a two-headed ogre
  9359 | D:8      | Noticed a deep elf pyromancer
  9370 | D:8      | Killed a deep elf pyromancer
  9371 | D:8      | Reached skill level 12 in Conjurations
  9383 | D:8      | Learned a level 4 spell: Flame Wave
  9610 | D:8      | Noticed a cyclops
  9817 | D:8      | Noticed a centaur warrior
  9831 | D:8      | Killed a centaur warrior
  9879 | D:8      | Reached * piety under Vehumet
  9879 | D:8      | Offered knowledge of Foxfire by Vehumet.
  9935 | D:8      | Reached skill level 13 in Conjurations
 10094 | D:8      | Noticed a boulder beetle
 10496 | D:8      | Killed a cyclops
 10649 | D:8      | Reached skill level 1 in Fire Magic
 11054 | D:9      | Found a glowing golden altar of the Shining One.
 11103 | D:9      | Noticed a death yak
 11125 | D:9      | Reached XP level 11. HP: 56/81 MP: 20/23
 11133 | D:9      | Killed a death yak
 11175 | D:9      | Offered knowledge of Poisonous Vapours by Vehumet.
 11175 | D:9      | Reached ** piety under Vehumet
 11181 | D:9      | Found a flagged portal.
 11252 | Bailey   | Entered a bailey
 11345 | Bailey   | Noticed an orc knight
 11374 | Bailey   | Killed an orc knight
 11530 | Bailey   | Found a large runed translucent door.
 11530 | Bailey   | Found a large runed translucent door.
 11531 | Bailey   | Noticed a deep elf zephyrmancer
 11560 | Bailey   | Killed a deep elf zephyrmancer
 11561 | Bailey   | Reached skill level 14 in Conjurations
 11568 | Bailey   | Identified the staff of earth "Bair" {+Blink rF+ rN+ Dex-4}
 11581 | Bailey   | Identified the +10 spear of the Postmodern Friars {drain,
                  | rElec}
 11589 | Bailey   | Acquired the ring "Edicwit" {rF+++ MP+9 Str+3 SInv}
 11897 | D:9      | Found an iron altar of Okawaru.
 12038 | D:9      | Noticed a death yak
 12048 | D:9      | Killed a death yak
 12177 | D:9      | Found a staircase to the Lair.
 12334 | D:9      | Offered knowledge of Static Discharge by Vehumet.
 12486 | Lair:1   | Entered Level 1 of the Lair of Beasts
 12703 | Lair:1   | Found a runed translucent gate.
 12703 | Lair:1   | Found a runed translucent gate.
 12703 | Lair:1   | Found a runed translucent gate.
 12777 | Lair:1   | Reached skill level 1 in Shields
 12780 | Lair:1   | Reached *** piety under Vehumet
 12787 | Lair:1   | Reached XP level 12. HP: 35/89 MP: 16/25
 12999 | Lair:1   | Offered knowledge of Sticky Flame by Vehumet.
 13000 | Lair:1   | Reached skill level 5 in Shields
 13155 | Lair:1   | Reached skill level 1 in Fighting
 13339 | Lair:1   | Identified the +0 scale mail of Masochism {+Inv rF+ Dex+4}
 13440 | Lair:1   | Noticed Wiggles's ghost (journeyman MiBe)
 14076 | Lair:2   | Learned a level 4 spell: Sticky Flame
 14076 | Lair:2   | Upgraded the game from 0.30.1-3-gfc49f6343a to
                  | 0.30.1-6-gbe392663c4
 14280 | Lair:2   | Reached **** piety under Vehumet
 14447 | Lair:2   | Found a staircase to the Shoals.
 14536 | Lair:2   | Found an ancient bone altar of Kikubaaqudgha.
 14779 | Lair:3   | Found a staircase to the Snake Pit.
 14905 | Lair:3   | Noticed a catoblepas
 14935 | Lair:3   | Killed a catoblepas
 14935 | Lair:3   | Offered knowledge of Freezing Cloud by Vehumet.
 14936 | Lair:3   | Reached skill level 1 in Evocations
 14958 | Lair:3   | Reached skill level 5 in Stealth
 14998 | Lair:3   | Reached skill level 5 in Fighting
 15200 | Lair:3   | Reached skill level 1 in Staves
 15440 | Lair:3   | Reached skill level 5 in Dodging
 15518 | Lair:3   | Reached XP level 13. HP: 75/111 MP: 16/26
 15659 | Lair:3   | Reached ***** piety under Vehumet
 15665 | Lair:3   | Offered knowledge of Plasma Beam by Vehumet.
 15703 | Lair:3   | Learned a level 6 spell: Plasma Beam
 16563 | Lair:4   | Reached skill level 1 in Air Magic
 16843 | Lair:4   | Reached skill level 5 in Staves
 17334 | Lair:4   | Identified the amulet "Yhel" {Fly rN+ Regen+}
 17518 | Lair:5   | Entered Level 5 of the Lair of Beasts
 17549 | Lair:5   | Reached skill level 5 in Evocations
 17700 | Lair:5   | Reached skill level 5 in Air Magic
 17873 | Lair:5   | Reached XP level 14. HP: 107/121 MP: 20/27
 18088 | Lair:5   | Offered knowledge of Airstrike by Vehumet.
 18195 | Lair:5   | Found a runed translucent gate.
 18199 | Lair:5   | Found a runed translucent gate.
 18200 | Lair:5   | Found a runed translucent gate.
 18637 | Lair:5   | Identified the +5 scale mail of Negligence {*Corrode rElec
                  | Str+8 Dex+3}
 18804 | Lair:5   | Reached skill level 5 in Fire Magic
 18933 | Lair:5   | Found a staircase to the Slime Pits.
 18951 | Lair:5   | Learned a level 4 spell: Airstrike
 19023 | Lair:5   | Noticed Ypehuijo's ghost (journeyman OpFi)
 19034 | Lair:5   | Killed Ypehuijo's ghost
 19228 | D:10     | Entered Level 10 of the Dungeon
 19228 | D:10     | Noticed Gastronok
 19237 | D:10     | Killed Gastronok
 19265 | D:9      | Upgraded the game from 0.30.1-6-gbe392663c4 to
                  | 0.30.1-9-gdf580d7c3d
 19656 | D:10     | Found a snail-covered altar of Cheibriados.
 20030 | D:10     | Found a blossoming altar of Fedhas.
 20030 | D:10     | Found a glowing silver altar of Zin.
 20030 | D:10     | Found a white marble altar of Elyvilon.
 20030 | D:10     | Found a hide-covered altar of Uskayaw.
 20037 | D:10     | Found a shimmering blue altar of Sif Muna.
 20037 | D:10     | Found a hazy altar of Hepliaklqana.
 20127 | D:11     | Found a blossoming altar of Fedhas.
 20194 | D:11     | Offered knowledge of Eringya's Noxious Bog by Vehumet.
 20206 | D:11     | Found a staircase to the Orcish Mines.
 20337 | D:11     | Reached skill level 10 in Spellcasting
 20942 | Orc:1    | Entered Level 1 of the Orcish Mines
 21015 | Orc:1    | Found Obroq's Magic Scroll Emporium.
 21089 | Orc:1    | Bought a scroll of silence for 114 gold pieces
 21259 | Orc:2    | Entered Level 2 of the Orcish Mines
 21259 | Orc:2    | Found a staircase to the Elven Halls.
 21375 | Orc:2    | Found Aqeriy's Armour Shop.
 21434 | Orc:2    | Reached skill level 10 in Staves
 21775 | Orc:2    | Found Metuat's Assorted Antiques.
 21782 | Orc:2    | Annihilated by an orc knight

Illustrated notes

Levels and vault maps discovered:
D:1:      lightli_arrival_statuegarden, layout_basic, minmay_liquid_box,
          minmay_box_of_dots
D:2:      layout_basic, serial_glass, glass_columns_a, glass_columns_a,
          glass_columns_a, glass_columns_c
D:3:      layout_loops_ring, old_standard_altar,
          nicolae_gozag_zags_fifth_avenue, gammafunk_ghost_split
D:4:      nicolae_cairo_tiling, layout_basic, temple_statues, uniq_natasha,
          uniq_sigmund
D:5:      layout_loops_corners, st_stairs_4
D:6:      layout_basic, chequers_serial_rivers_large_b, minmay_misc_feat_x,
          hangedman_decor_lopped, st_stairs_14, mrwooster_statue_mirror
D:7:      layout_basic, nicolae_ru_path_of_blood, vehumet_crystals,
          serial_shops, shop, gammafunk_ghost_abyssal_escape,
          minmay_misc_feat_columns, wad_rectangle_vault
D:8:      minmay_the_grid_four_pointed_star
          [minmay_the_grid_triangle_9x9_warning,
          minmay_the_grid_triangle_9x9_flanged_cone,
          minmay_the_grid_triangle_9x9_skeleton,
          minmay_the_grid_triangle_9x9_semitri, minmay_the_grid_prize_big_room],
          layout_basic
D:9:      layout_long_grid, kennysheep_mini_moat, okawaru_gym_becter,
          lair_entry_dummy, enter_bailey_4, serial_ice, serial_ice_e,
          serial_ice_o, serial_ice_d, serial_ice_c, serial_ice_n, serial_ice_m,
          serial_ice_b, serial_ice_h, kennysheep_pointless_box
D:10:     layout_long_grid, lemuel_crystal_altar, minmay_overflow_temple_hex,
          uniq_gastronok
D:11:     layout_long_grid, zombieorc1_lemuel, fedhas_altar_1
Temple:   hellmonk_temple_divided_pantheon
Lair:1:   layout_cave_pods, gammafunk_ghost_icy, grunt_megastairs_3
Lair:2:   wad_woods_stonehenge, layout_regular_city,
          minmay_shoals_entry_centaurs
Lair:3:   layout_roguey [special_room_mythical_zoo], dummy_snake_entry,
          grunt_megastairs_1
Lair:4:   nzn_winding_woodlands_medium [nzn_winding_woodlands_5x5_default,
          nzn_winding_woodlands_5x15_sawtooth,
          nzn_winding_woodlands_5x5_default,
          nzn_winding_woodlands_5x5_open_star,
          nzn_winding_woodlands_center_garden,
          nzn_winding_woodlands_5x5_closed_star,
          nzn_winding_woodlands_5x5_perimeter, nzn_winding_woodlands_5x15_eye,
          nzn_winding_woodlands_5x5_three], layout_hall_layers
Lair:5:   hangedman_lair_tendril_chambers, layout_hall_layers,
          hangedman_lair_caniforms_friends, slime_entry_1,
          ebering_ghost_rock_garden
Orc:1:    layout_caves, serial_shops, shop_statue, uniq_erica
Orc:2:    st_orc_elflike, layout_diamond_mine, serial_shops,
          nicolae_shop_pleasant_corner_grove, nicolae_orc_damp_corner

Skill      XL: |  1  2  3  4  5  6  7  8  9 10 11 12 13 14 |
---------------+-------------------------------------------+-----
Stealth        | 2 5 |  5.0
Conjurations   | 5 6 7 8 10 11 13 14 | 14.9
Spellcasting   | 3 4 5 6 7 8 9 10 | 10.2
Hexes          | 3 4 |  4.0
Translocations | 3 4 |  4.0
Fire Magic     | 1 4 6 |  6.0
Shields        | 3 5 |  5.0
Dodging        | 5 6 7 |  7.0
Fighting       | 5 6 |  6.0
Evocations     | 3 5 7 |  7.3
Staves         | 3 7 10 | 10.1
Air Magic      | 5 6 |  6.0

Action                     |  1- 3 |  4- 6 |  7- 9 | 10-12 | 13-15 || total
---------------------------+-------+-------+-------+-------+-------++-------
  Melee: Unarmed           |    22 |       |       |       |       ||    22
         Staff             |    29 |       |    22 |    77 |   217 ||   345
         Tailslap          |     9 |       |     1 |    10 |    38 ||    58
   Cast: Magic Dart        |    79 |    38 |    52 |    38 |    46 ||   253
         Searing Ray       |     3 |    16 |    61 |    75 |    22 ||   177
         Fulminant Prism   |       |       |     6 |    29 |    33 ||    68
         Dazzling Flash    |       |       |     1 |     7 |    15 ||    23
         Blink             |       |       |     1 |     2 |     2 ||     5
         Iskenderun's Myst |       |       |     3 |    27 |    16 ||    46
         Flame Wave        |       |       |       |    15 |    32 ||    47
         Lesser Beckoning  |       |       |       |     3 |       ||     3
         Sticky Flame      |       |       |       |    16 |    62 ||    78
         Plasma Beam       |       |       |       |       |    17 ||    17
         Airstrike         |       |       |       |       |     2 ||     2
Ability: Breathe Frost     |       |       |     5 |    17 |    11 ||    33
  Evoke: Wand              |       |       |     5 |     8 |     7 ||    20
    Use: Scroll            |       |     7 |     6 |    10 |     6 ||    29
         Potion            |       |       |     1 |     9 |     3 ||    13
   Stab: Distracted        |       |       |     1 |       |     1 ||     2
         Invisible         |       |       |       |       |     2 ||     2
         Sleeping          |       |       |       |       |     1 ||     1
 Armour: Skin              |    25 |     8 |    20 |   159 |   132 ||   344
  Dodge: Dodged            |    64 |    18 |    40 |   195 |   245 ||   562
  Block: Other             |     1 |     3 |    20 |       |       ||    24
         Reflection        |       |       |     6 |     7 |       ||    13
         Buckler           |       |       |    18 |   166 |   108 ||   292
